 Dungeon Crawl Stone Soup version 0.27.1 (webtiles) character file.

Game seed: 8832327044736994670

339 oldmanjim the Chopper (level 6, -2/56 HPs)
             Began as a Minotaur Monk on Aug 28, 2021.
             Succumbed to an orc wizard's poison
             ... on level 3 of the Dungeon.
             The game lasted 00:18:24 (3985 turns).

oldmanjim the Chopper (Minotaur Monk)               Turns: 3985, Time: 00:18:25

Health: -2/56      AC: 11    Str: 17    XL:     6   Next: 29%
Magic:  5/5        EV: 13    Int:  7    God:
Gold:   165        SH:  0    Dex: 13    Spells: 5/5 levels left

rFire    . . .     SeeInvis .   a - +2 dagger (venom)
rCold    + . .     Faith    .   (no shield)
rNeg     . . .     Spirit   .   E - +3 leather armour
rPois    .         Reflect  .   (helmet restricted)
rElec    .         Harm     .   (no cloak)
rCorr    .         Rampage  .   (no gloves)
Will     .....                  o - +0 pair of boots
Stlth    ++........             (no amulet)
HPRegen  0.18/turn              d - +4 ring of protection
MPRegen  0.09/turn              g - ring of protection from cold

@: lethally poisoned (-2 -> -15)
A: horns 2, retaliatory headbutt
a: no special abilities


You were on level 3 of the Dungeon.
You visited 1 branch of the dungeon, and saw 4 of its levels.

You collected 165 gold pieces.

Inventory:

Hand Weapons
 a - a +2 dagger of venom (weapon)
 b - a +0 hunting sling
 A - a +0 war axe
 B - a +0 hand crossbow
Missiles
 c - 6 bolts
 e - 24 sling bullets
 m - 137 stones (quivered)
 s - 2 throwing nets
 y - 28 arrows
Armour
 i - a +0 plate armour
 o - a +0 pair of boots (worn)
 w - a +0 ring mail
 E - a +3 leather armour (worn)
Jewellery
 d - a +4 ring of protection (left hand)
 g - a ring of protection from cold (right hand)
 l - a ring of protection from cold
 p - a ring of protection from cold
 x - a ring of positive energy
Wands
 z - a wand of digging (5)
Scrolls
 f - a scroll of teleportation {unknown}
 h - 2 scrolls of identify {unknown}
 j - a scroll of fog {unknown}
 k - a scroll of blinking {unknown}
 q - a scroll of enchant weapon {unknown}
 r - a scroll of holy word {unknown}
 t - a scroll of torment {unknown}
 v - a scroll of magic mapping {unknown}
 D - a scroll of amnesia {unknown}
Potions
 n - a potion of heal wounds {unknown}
 u - a potion of lignification {unknown}
 C - a potion of flight {unknown}


   Skills:
 - Level 5.0 Fighting
 + Level 6.6 Axes
 - Level 4.0 Dodging
 - Level 3.0 Stealth


You had 5 spell levels left.
You didn't know any spells.
Your spell library contained the following spells:

 Spells                   Type           Power      Damage    Failure   Level
 Static Discharge         Conj/Air       0%         N/A       65%         2
 Ignite Poison            Fire/Tmut/Pois 0%         N/A       86%         3
 Mephitic Cloud           Conj/Pois/Air  0%         N/A       86%         3
 Dispel Undead            Necr           0%         3d6       99%         4
 Sticky Flame             Conj/Fire      0%         2d3       99%         4
 Bolt of Magma            Conj/Fire/Erth 0%         4d4       100%        5


Dungeon Overview and Level Annotations

Branches:
Dungeon (4/15)
 Temple: D:4-7

Altars:

Shops:
D:1 *


Innate Abilities, Weirdness & Mutations

You have a pair of horns on your head.
You reflexively headbutt those who attack you in melee.


Message History

The puff of flame misses you. Something hits you but does no damage.
You are poisoned.
You climb upwards.
Reactivating autopickup.
You feel very sick.
There is a stone staircase leading down here.
You hit the orc wizard.
The orc wizard looks as sick as possible!
The orc wizard is almost dead.
You feel sick.
The orc wizard casts a spell.
The orc wizard flickers and vanishes!
Deactivating autopickup; reactivate with Ctrl-A.
Something hits you but does no damage.
You are more poisoned.
You feel very sick.
Reactivating autopickup.
You feel a bit more experienced.
You feel very sick.
You feel sick.
You feel sick.
You feel sick.
You feel sick.
You feel sick. Something hits you but does no damage.
You are more poisoned.
Deactivating autopickup; reactivate with Ctrl-A.
You barely miss something. You headbutt something!
You feel very sick. Something hits you.
* * * LOW HITPOINT WARNING * * *
You are more poisoned.
You hit something.
* * * LOW HITPOINT WARNING * * *
You feel very sick.
You hear some strange, mumbled words.
Something tries to affect you, but you resist.
You closely miss something. You headbutt something.
Reactivating autopickup.
You feel a bit more experienced.
* * * LOW HITPOINT WARNING * * *
You feel very sick.
You die...

.....##
#.#.##.#.........#
#...##
#.#.##.#.###...... #..##
#######>#.##.#.###..##.#
#.##
#...................##.#
#.#
#.#########.............
#.# #.......#
#.#.......##.# #.#
#######.# #....####.##.#
#.# #.# ####.####.....
#.# #@# #..)......# #.#
#.# #.######### #.#
###.### #.# ## #.#
#.....# #.# #. #.#
#########.#.#>## #.###
#. #.#
#...........#.)###...#
#. #.#
#.#######.###...####.#
## #.#
#.).........>....###.# #
#.#
###########.......##.# #


There were no monsters in sight!

Vanquished Creatures
  A kobold brigand (D:4)
  2 orc wizards (D:3)
  A howler monkey zombie (D:4)
  Robin (D:2)
  4 gnolls (D:4)
  3 adders
  An ufetubus (D:4)
  A worm (D:3)
  A dart slug (D:3)
  7 orcs
  5 endoplasms
  7 giant cockroaches
  14 goblins
  12 hobgoblins
  17 jackals
  A quokka (D:2)
  4 ball pythons
  3 bats
  5 frilled lizards
  13 kobolds
  4 rats
107 creatures vanquished.

Vanquished Creatures (others)
  5 plants (D:4)
5 creatures vanquished.

Grand Total: 112 creatures vanquished

Notes
Turn   | Place    | Note
-------+----------+-------------------------------------------
     0 | D:1      | oldmanjim the Minotaur Monk began the quest for the Orb.
     0 | D:1      | Reached XP level 1. HP: 19/19 MP: 0/0
   304 | D:1      | Reached skill level 4 in Axes
   314 | D:1      | Reached XP level 2. HP: 22/27 MP: 1/1
   682 | D:1      | Found Lotuas's General Store.
  1092 | D:2      | Found a faded altar of an unknown god.
  1180 | D:2      | Reached XP level 3. HP: 30/33 MP: 2/2
  1254 | D:2      | Reached skill level 5 in Axes
  1370 | D:2      | Noticed Robin
  1406 | D:2      | Killed Robin
  1742 | D:2      | Reached XP level 4. HP: 40/40 MP: 3/3
  2297 | D:3      | Reached skill level 6 in Axes
  3158 | D:4      | Reached XP level 5. HP: 26/47 MP: 4/4
  3590 | D:4      | Reached skill level 5 in Fighting
  3673 | D:4      | Reached XP level 6. HP: 55/56 MP: 5/5
  3812 | D:4      | Identified the +6 short sword of Ryann {chaos, rPois}
  3984 | D:3      | HP: 1/56 [poisoned by an orc wizard]
  3985 | D:3      | Succumbed to an orc wizard's poison

Illustrated notes

Levels and vault maps discovered:
D:1:      wander_arrival_estate, layout_loops_ring, serial_forest,
          infiniplex_forest_straight_1, infiniplex_forest_corner_2,
          infiniplex_forest_lined_room_2, infiniplex_forest_straight_2,
          infiniplex_forest_clump_C, infiniplex_forest_side_room, serial_shops,
          shop
D:2:      wad_crossroads, layout_basic, hellmonk_ecumenical_altar_crossroads,
          kennysheep_generic_room_14, uniq_robin
D:3:      layout_loops_ring
D:4:      layout_basic, mainiacjoe_overflow_chevrons,
          minmay_temple_entry_overgrown, lexackson_kobold_supper

Skill      XL: |  1  2  3  4  5 |
---------------+----------------+-----
Fighting       | 4 5 |  5.0
Axes           | 4 5 6 |  6.6
Stealth        | 2 3 |  3.0
Dodging        | 4 |  4.0

Action                   |  1- 3 |  4- 6 || total
-------------------------+-------+-------++-------
Melee: Hand axe          |    14 |       ||    14
       Dagger            |    57 |   130 ||   187
       Headbutt          |     9 |    18 ||    27
 Fire: Hunting sling     |       |    61 ||    61
 Stab: Sleeping          |     3 |     5 ||     8
Armor: Robe              |    23 |     2 ||    25
       Ring mail         |       |    35 ||    35
       Leather armour    |       |    10 ||    10
Dodge: Dodged            |    49 |    86 ||   135
